 Dungeon Crawl Stone Soup version 0.25-a0-185-g6cfeca75b2 (webtiles) character file.

Game seed: 2883753755076495699, levelgen mode: deterministic

1675 vurker the Zephyrmancer (level 9, -2/52 HPs)
             Began as a Tengu Air Elementalist on Nov 27, 2019.
             Was an Initiate of Vehumet.
             Slain by an orc warrior
             ... wielding a +0 mace
              (17 damage)
             ... on level 6 of the Dungeon.
             The game lasted 00:13:16 (8681 turns).

vurker the Zephyrmancer (Tengu Air Elementalist)    Turns: 8681, Time: 00:13:17

Health: -2/52      AC:  4    Str:  8    XL:     9   Next: 1%
Magic:  1/18       EV: 15    Int: 19    God:    Vehumet [......]
Gold:   329        SH:  0    Dex: 15    Spells: 9/19 levels left

rFire    . . .     SeeInvis .   c - +0 dagger
rCold    + . .     Gourm    .   (no shield)
rNeg     . . .     Faith    .   a - +0 robe
rPois    .         Spirit   .   m - +0 hat
rElec    .         Reflect  .   B - +1 cloak {MR+}
rCorr    .         Harm     .   (no gloves)
MR       +....                  (boots unavailable)
Stlth    ++........             (no amulet)
HPRegen  0.17/turn              x - ring of protection from cold
MPRegen  0.16/turn              (no ring)

@: flying quickly and evasively, quick
A: beak, talons 3, able to fly
a: Stop Flying, Renounce Religion


You were on level 6 of the Dungeon.
You worshipped Vehumet.
Vehumet was noncommittal.
You were not hungry.

You visited 2 branches of the dungeon, and saw 7 of its levels.

You collected 329 gold pieces.

Inventory:

Hand Weapons
 c - a +0 dagger (weapon)
   (You took it off a goblin on level 1 of the Dungeon)
Armour
 a - a +0 robe (worn)
 m - a +0 hat (worn)
   (You found it on level 2 of the Dungeon)
 B - a +1 cloak of magic resistance (worn)
   (You took it off Crazy Yiuf on level 2 of the Dungeon)
Jewellery
 i - an uncursed ring of fire
   (You found it on level 1 of the Dungeon)
 x - a ring of protection from cold (left hand)
   (You found it on level 4 of the Dungeon)
Scrolls
 b - 3 scrolls of amnesia {unknown}
 f - 7 scrolls of identify {unknown}
 g - 5 scrolls of remove curse {unknown}
 j - 2 scrolls of enchant armour {unknown}
 l - a scroll of immolation {unknown}
 n - 4 scrolls of blinking {unknown}
 p - 4 scrolls of enchant weapon {unknown}
 q - 4 scrolls of fog {unknown}
 y - a scroll of teleportation {unknown}
 z - a scroll of magic mapping {unknown}
Potions
 d - 3 potions of haste {unknown}
 h - a potion of might {unknown}
 k - 2 potions of heal wounds {unknown}
 o - a potion of degeneration {unknown}
 r - 2 potions of curing {unknown}
 s - 3 potions of brilliance {unknown}
 u - a potion of lignification {unknown}
 v - 2 potions of flight {unknown}
 w - 2 potions of agility
 A - a potion of mutation {unknown}
Comestibles
 e - 8 rations


   Skills:
 + Level 3.9 Fighting
 - Level 2.1 Dodging
 - Level 2.0 Stealth
 * Level 5.7 Spellcasting
 * Level 7.7 Conjurations
 * Level 8.8 Air Magic


You had 9 spell levels left.
You knew the following spells:

 Your Spells              Type           Power        Failure   Level  Hunger
a - Shock                 Conj/Air       ####         1%          1    None
b - Lightning Bolt        Conj/Air       #####.....   11%         5    #####..
c - Airstrike             Air            #####.....   3%          4    ####...

Your spell library contained the following spells:

 Spells                   Type           Power        Failure   Level  Hunger
 Static Discharge         Conj/Air       #####...     1%          3    ##.....
 Swiftness                Chrm/Air       ###.....     2%          2    None


Dungeon Overview and Level Annotations

Branches:
Dungeon (6/15)             Temple (1/1) D:6

Altars:
Ashenzari
Cheibriados
Dithmenos
Elyvilon
Gozag
Kikubaaqudgha
Okawaru
Ru
Sif Muna
Vehumet
Yredelemnul
Zin

Shops:
D:5 }

Annotations:
D:5 2 transporters, Hyawatha's ghost, amateur HuBe


Innate Abilities, Weirdness & Mutations

You have a beak for a mouth.
You have claws for feet.
You can fly continuously.


Message History

The zap hits the orc warrior but does no damage.
Aim: an orc warrior, wielding a +0 mace and wearing a +0 plate armour The zap hits the orc warrior.
The orc warrior drinks a potion.
The orc warrior flickers and vanishes!
Deactivating autopickup; reactivate with Ctrl-A.
Aim: a centaur zombie The zap hits the centaur zombie!
Aim: a centaur zombie (moderately damaged)
The zap hits the centaur zombie.
The centaur zombie hits you.
The zap hits the centaur zombie.
The zap hits something.
The centaur zombie barely misses you.
The zap hits the centaur zombie.
The zap hits something.
The centaur zombie hits you but does no damage.
The zap hits the centaur zombie.
The centaur zombie hits you.
The zap hits the centaur zombie!
The zap hits something but does no damage.
The centaur zombie barely misses you. x2
The zap hits the centaur zombie.
You destroy the centaur zombie!
Vehumet accepts your kill.
The zap hits something but does no damage.
You hear a mighty clap of thunder!
You hear a shout! x2
You hear an angry hiss.
You hear a shout!
Something hits you!!
* * * LOW HITPOINT WARNING * * *
You hear a mighty clap of thunder!
The orc shouts!
An orc warrior appears from thin air!
Reactivating autopickup.
An ogre comes into view. It is wielding a +0 giant club.
The zap hits the ogre. x2; The zap hits the orc warrior.
The ogre hits you with a +0 giant club!
* * * LOW HITPOINT WARNING * * *
The zap hits the ogre. x2; The zap hits the orc warrior.
The zap hits the ogre. x2
The zap hits the orc warrior but does no damage.
The ogre barely misses you.
You don't have enough magic to cast that spell.
You hit the ogre.
You kill the ogre!
Vehumet accepts your kill.
You have reached level 9!
Your experience leads to an increase in your attributes!
Increase (S)trength, (I)ntelligence, or (D)exterity?
You feel clever.
Okay, then.
You hit the orc. The orc barely misses you.
The orc warrior hits you with a +0 mace!
You die...

#.##+######.......# #......#
#.................# #......#
#.................# #......#
+.................###......#
..................##.......######
'####.#####.......##.............
8.##..# #.......##.......#.....
.##..## ##.#####............Z..
##..## #.##.@oZ.......##.####
#..## #.##o##..8.....##.#.. ...#
###.##.##........##.#.# #..#
#.......#........##.#.##
##.........#'##..................
.##..####### ####.....#.###.#.##
8.##..# ##..#.#......... +####.#
#...<#..##...## ......#
#.......##...##


You could see an orc warrior, an orc and a bullfrog zombie.

Vanquished Creatures
  Menkaure (D:5)
  A phantom (D:5)
  An ogre (D:6)
  A bullfrog (D:6)
  Blork the orc (D:4)
  A gnoll sergeant (D:6)
  A wyvern skeleton (D:6)
  2 scorpions
  A howler monkey (D:4)
  4 centaur zombies (D:6)
  A hound (D:6)
  Crazy Yiuf (D:2)
  4 orc priests
  A centaur skeleton (D:5)
  5 orc wizards
  Jessica (D:3)
  An iguana (D:5)
  3 worker ants (D:4)
  2 killer bee zombies (D:6)
  A hound zombie (D:6)
  A hound skeleton (D:3)
  A worker ant zombie (D:6)
  8 gnolls
  11 adders
  An adder zombie (D:4)
  3 worms
  3 dart slugs
  2 leopard geckos
  26 orcs
  2 ball pythons
  3 giant cockroaches
  6 goblins
  7 hobgoblins
  7 jackals
  3 kobolds
  2 quokkas
  3 bats
  6 frilled lizards
  2 goblin zombies (D:5)
  A leopard gecko skeleton (D:4)
  6 rats
138 creatures vanquished.

Vanquished Creatures (others)
  4 plants (D:5)
  A withered plant (D:6)
5 creatures vanquished.

Grand Total: 143 creatures vanquished

Notes
Turn   | Place    | Note
-------+----------+-------------------------------------------
     0 | D:1      | vurker the Tengu Air Elementalist began the quest for the
                  | Orb.
     0 | D:1      | Reached XP level 1. HP: 10/10 MP: 4/4
   295 | D:1      | You fall into a shaft and drop 1 floor!
   304 | D:2      | Reached XP level 2. HP: 4/16 MP: 0/6
   626 | D:2      | Reached XP level 3. HP: 13/20 MP: 0/7
  1200 | D:1      | Reached skill level 1 in Fighting
  1949 | D:2      | Reached XP level 4. HP: 25/25 MP: 6/8
  2160 | D:2      | Found a sacrificial altar of Ru.
  2504 | D:2      | Reached skill level 5 in Air Magic
  2571 | D:2      | Found a runed translucent door.
  2572 | D:2      | Noticed Crazy Yiuf
  3349 | D:3      | Gained mutation: You can fly continuously. [Tengu growth]
  3349 | D:3      | Reached XP level 5. HP: 27/29 MP: 6/10
  3507 | D:3      | Noticed Jessica
  3509 | D:3      | Killed Jessica
  4123 | D:3      | Found a faded altar of an unknown god.
  4140 | D:3      | Reached XP level 6. HP: 18/35 MP: 0/12
  4300 | D:2      | Learned a level 5 spell: Lightning Bolt
  4305 | D:2      | Learned a level 4 spell: Airstrike
  4859 | D:4      | Reached skill level 6 in Air Magic
  5241 | D:4      | Noticed Blork the orc
  5254 | D:4      | Killed Blork the orc
  5254 | D:4      | Reached skill level 5 in Conjurations
  5254 | D:4      | Reached XP level 7. HP: 40/40 MP: 7/14
  6081 | D:2      | Killed Crazy Yiuf
  6198 | D:5      | Entered Level 5 of the Dungeon
  6198 | D:5      | Found a transporter.
  6230 | D:5      | Found Atouvec's Gadget Emporium.
  6691 | D:5      | Reached skill level 7 in Air Magic
  6828 | D:5      | Noticed Hyawatha's ghost (amateur HuBe)
  6836 | D:5      | Found a transporter.
  6836 | D:5      | Identified the cursed +1 spear of Stickiness {venom, MR+
                  | Int+4}
  6836 | D:5      | Identified the +3 buckler "Ymomewky" {rPois rF+ MR+ Regen+
                  | Slay-2}
  7121 | D:5      | Noticed Menkaure
  7124 | D:5      | Killed Menkaure
  7124 | D:5      | Reached XP level 8. HP: 46/46 MP: 2/16
  7375 | D:6      | Found a staircase to the Ecumenical Temple.
  7588 | D:6      | Reached skill level 5 in Spellcasting
  7671 | D:6      | Reached skill level 8 in Air Magic
  8333 | Temple   | Entered the Ecumenical Temple
  8503 | Temple   | Became a worshipper of Vehumet
  8680 | D:6      | Reached XP level 9. HP: 15/52 MP: 0/18
  8681 | D:6      | Slain by an orc warrior

Levels and vault maps discovered:
D:1:      dpeg_arrival_tiny_j, layout_loops_corners,
          ebering_dispersal_statue_hall
D:2:      minmay_general_purpose_star, layout_basic, nicolae_ru_awakened_eye,
          uniq_crazy_yiuf_cottage
D:3:      layout_rooms, chequers_ecumenical_altar_simple_redux, uniq_jessica
D:4:      layout_loops_ring, grunt_ministairs_14, uniq_blork_the_orc
D:5:      layout_rooms, gammafunk_ghost_gnarly_gnolls, enter_ossuary_4,
          serial_shops, nicolae_shop_crystal, first_ration,
          kennysheep_generic_room_7, uniq_menkaure
D:6:      minmay_chambers_of_sixes, layout_basic,
          minmay_temple_entry_stoned_glass, serial_undead, serial_undead_c,
          serial_undead_b, serial_undead_f, serial_undead_d, serial_undead_b,
          grunt_ministairs_9, grunt_decor_arrowhead, kennysheep_generic_room_13
Temple:   minmay_temple_curvy_loop

Skill      XL: |  1  2  3  4  5  6  7  8 |
---------------+-------------------------+-----
Conjurations   | 2 3 4 5 6 7 |  7.7
Fighting       | 1 2 3 |  3.9
Air Magic      | 5 6 7 8 |  8.8
Spellcasting   | 3 4 5 |  5.7
Dodging        | |  2.1
Stealth        | |  2.0

Action                   |  1- 3 |  4- 6 |  7- 9 || total
-------------------------+-------+-------+-------++-------
Melee: Dagger            |    10 |     4 |    32 ||    46
       Peck              |     2 |       |     6 ||     8
       Kick              |     3 |     1 |     4 ||     8
 Cast: Shock             |    51 |   147 |   187 ||   385
       Airstrike         |       |       |    15 ||    15
       Lightning Bolt    |       |       |     2 ||     2
 Abil: Fly               |       |     1 |       ||     1
  Eat: Chunk             |     3 |     8 |     7 ||    18
       Ration            |       |     1 |     2 ||     3
Armor: Robe              |       |     5 |     6 ||    11
Dodge: Dodged            |     6 |    41 |    61 ||   108

Table legend:
 A = Non-vault XP
 B = Vault XP
 C = Vault XP percentage of total XP
 D = Non-vault monster count
 E = Vault monster count
 F = Vault count percentage of total count
                 A         B        C        D         E       F
            +---------+---------+-------+---------+---------+-------
      Total |    1343 |    1050 |  43.9 |     109 |      29 |  21.0
            +---------+---------+-------+---------+---------+-------
        D:1 |      27 |       0 |   0.0 |      14 |       0 |   0.0
        D:2 |     159 |      46 |  22.4 |      23 |       5 |  17.9
        D:3 |     206 |      37 |  15.2 |      26 |       1 |   3.7
        D:4 |     181 |     128 |  41.4 |      14 |       2 |  12.5
        D:5 |     329 |     223 |  40.4 |      19 |       5 |  20.8
        D:6 |     441 |     616 |  58.3 |      13 |      16 |  55.2
            +---------+---------+-------+---------+---------+-------
